 Dungeon Crawl Stone Soup version 0.19.3-1-g3169bf9 (webtiles) character file.

114641 Aguirre the Executioner (level 16, -8/149 HPs)
             Began as a Minotaur Berserker on Jan 23, 2017.
             Was the Champion of Trog.
             Killed from afar by Azrael (20 damage)
             ... with a bolt of fire
             ... on level 2 of the Spider Nest on Jan 25, 2017.
             The game lasted 05:18:58 (35880 turns).

Aguirre the Executioner (Minotaur Berserker)       Turns: 35880, Time: 05:18:59

Health: -8/149     AC: 19    Str: 25    XL:     16   Next: 16%
Magic:  15/15      EV:  8    Int: 11    God:    Trog [******]
Gold:   704        SH: 14    Dex: 12    Spells: 0 memorised, 15 levels left

rFire  . . .     SeeInvis .     D - +8 war axe of Dim Light {vamp, Int+7}
rCold  + . .     Gourm    .     F - +7 plate armour of Teaq {rC+}
rNeg   . . .     Faith    .     I - +0 shield
rPois  +         Spirit   .     (helmet restricted)
rElec  .         Reflect  +     q - +2 cloak
rCorr  .         Harm     .     z - +2 pair of gloves
MR     +....                    k - +2 pair of boots
Stlth  ..........               w - +3 amulet of reflection
                                v - ring of poison resistance
                                M - +2 ring of slaying

@: about to teleport, corroded
A: retaliatory headbutt, horns 2, weak 1
a: Berserk, Trog's Hand, Brothers in Arms, Burn Spellbooks, Renounce Religion


You were on level 2 of the Spider Nest.
You worshipped Trog.
Trog was exalted by your worship.
You were not hungry.

You visited 5 branches of the dungeon, and saw 26 of its levels.
You also visited: Labyrinth and Volcano.

You collected 2423 gold pieces.
You spent 1719 gold pieces at shops.

Inventory:

Hand Weapons
 h - the +6 glaive of Terra Nullius {chop, rF+ MR+ MP+9}
   (You found it on level 6 of the Lair of Beasts)

   It inflicts extra damage upon your enemies.
   It protects you from fire.
   It affects your resistance to hostile enchantments.
   It affects your magic capacity (+9).
 D - the +8 war axe of Dim Light (weapon) {vamp, Int+7}
   (You bought it in a shop on level 6 of the Dungeon)

   It inflicts no extra harm, but heals its wielder when it wounds a living foe.
   It affects your intelligence (+7).
 X - a +3 scimitar of flaming
Missiles
 j - 2 silver javelins
 y - 18 tomahawks (quivered)
 Q - 7 javelins of returning
Armour
 k - a +2 pair of boots (worn)
 q - a +2 cloak (worn)
 z - a +2 pair of gloves (worn)
 A - the +5 ring mail "Dorat" {*Contam rElec rPois rF+++}
   (You bought it in a shop on level 14 of the Dungeon)

   It renders you almost immune to fire.
   It insulates you from electricity.
   It protects you from poison.
   It causes magical contamination when unequipped.
 F - the +7 plate armour of Teaq (worn) {rC+}
   (You bought it in a shop on level 14 of the Dungeon)

   It protects you from cold.
 I - a +0 shield (worn)
Jewellery
 v - a ring of poison resistance (right hand)
 w - a +3 amulet of reflection (around neck)
 x - an uncursed ring of protection from magic
 E - an uncursed ring of resist corrosion
 H - an uncursed ring of fire
 M - a +2 ring of slaying (left hand)
 N - an uncursed ring of flight
 V - the ring of the Four Eyes {+Blink rC+ rN+}
   (You found it on level 12 of the Dungeon)

   [ring of protection from cold]

   It protects you from cold.
   It protects you from negative energy.
   It lets you blink.
Wands
 f - a wand of flame (28/48)
 p - a wand of digging (17/24)
 u - a wand of lightning (7/15)
 B - a wand of enslavement (15/24)
 G - a wand of digging (22/24)
 J - a wand of iceblast (12/15)
 K - a wand of confusion (25/48)
 R - a wand of flame (32/48)
 W - a wand of lightning (6/15)
Scrolls
 a - 3 scrolls of recharging
 i - 16 scrolls of remove curse
 l - 4 scrolls of enchant weapon
 m - 4 scrolls of fog
 n - a scroll of holy word
 o - a scroll of blinking
 s - 3 scrolls of teleportation
 t - 2 scrolls of magic mapping
Potions
 d - 2 potions of heal wounds
 e - 2 potions of haste
 g - 4 potions of curing
 r - a potion of resistance
 O - 2 potions of brilliance
 S - a potion of cancellation
 T - 3 potions of might
Miscellaneous
 b - a fan of gales
 Z - a disc of storms
Comestibles
 c - 7 bread rations
 C - 4 chunks of flesh
 P - 40 fruits


   Skills:
 + Level 15.1 Fighting
 + Level 1.6 Long Blades
 + Level 21.3 Axes
   Level 8.7(9.3) Slings
 + Level 4.6(6.9) Throwing
 + Level 16.0 Armour
 + Level 4.1 Dodging
 + Level 1.3 Stealth
 + Level 7.6 Shields
 + Level 0.8 Evocations


You had 15 spell levels left.
You didn't know any spells.

Dungeon Overview and Level Annotations

Branches:
Dungeon (15/15)            Temple (1/1) D:7            Lair (6/6) D:8
 Shoals (0/4) Lair:3       Spider (2/4) Lair:4        Slime (0/5) Lair:5
    Orc (2/2) D:11            Elf (0/3) Orc:2        Vaults (0/5) D:14
 Depths (0/5) D:15

Altars:
Ashenzari
Cheibriados
Dithmenos
Elyvilon
Fedhas
Gozag
Hepliaklqana
Kikubaaqudgha
Makhleb
Nemelex Xobeh
Okawaru
Qazlal
Ru
Sif Muna
Trog
Uskayaw
Vehumet
Xom
Yredelemnul
Zin
The Shining One
Beogh
Jiyva

Shops:
D:6 (   D:11 :   D:12 (   D:14 [   D:15 :*   Orc:2 [(:=[=*

Annotations:
Spider:2 Azrael


Innate Abilities, Weirdness & Mutations

You reflexively headbutt those who attack you in melee.
You have a pair of horns on your head.
You are weak. (Str -2)


Message History

* * * LOW HITPOINT WARNING * * *
You block the entropy weaver's attack. The demonic crawler barely misses you.
The demonic crawler hits you but does no damage. x2
Unknown command.
As you read the scroll of teleportation, it crumbles to dust.
You feel strangely unstable. You block the jumping spider's attack.
The jumping spider bites you but does no damage.
You block the hell hound's attack.
The hell hound bites you but does no damage.
You block the hell hound's attack.
The demonic crawler hits you but does no damage. x2
The demonic crawler barely misses you.
The entropy weaver mumbles some strange words.
The entropic weave corrodes you!
The jumping spider leaps!
The hell hound bites you but does no damage.
Azrael is momentarily hidden by a cloud of flames.
Azrael gestures at you.
The bolt of fire hits the demonic crawler.
The demonic crawler resists.
The bolt of fire hits you!
You die...

..## ..#.#...§§. ......#
#..........
....#.......###......†..§
...........#......s#....#
.........>..............#
...............?#§.s^...#
.........#....§§h#E§...#
........#......§ahh§...#
..............$#@sR§.....
....^....#.....§hhE.##..)
..........^...§..§### .
.#...#.............#
..####..≈..≈≈####...#
^.#.#^≈≈≈≈≈≈≈.# #....#
..#..#≈≈##≈#≈#..#...#.
..#..≈≈≈≈≈≈≈≈.#.#......
...≈≈≈#≈###≈≈≈≈≈..


You could see Azrael, an entropy weaver, a demonic crawler, 2 fire elementals, 5
hell hounds and a redback.

Vanquished Creatures
  An orc warlord (Orc:1)
  A ghost moth (Spider:1)
  4 entropy weavers
  A stone giant (Volcano)
  An ettin (Orc:2)
  The ghost of SylarSrden the Black Belt, a journeyman DsBe of Trog (D:14)
  A minotaur (Lab)
  Josephine (Spider:1)
  The ghost of JeffiDaFish the Blocker, a journeyman GrFi of Makhleb (Volcano)
  5 hydras
  A death knight (D:11)
  3 centaur warriors
  An anaconda (Lair:5)
  2 ogre magi (Orc:2)
  2 unseen horrors
  2 deep trolls (Orc:1)
  A glowing orange brain (shapeshifter) (D:14)
  Pikel (D:8)
  The ghost of rgaf the Basher, a novice GrBe of Trog (D:8)
  A lindwurm (D:14)
  3 orc knights
  8 wolf spiders (Spider:1)
  A necromancer (D:15)
  2 orb spiders
  3 manticores
  6 hill giants
  2 deep elf magi (D:15)
  3 orc sorcerers
  4 cyclopes
  9 ugly things
  3 elephants
  3 centaur zombies
  A naga mage (D:15)
  6 black mambas
  2 torpor snails (Lair:6)
  7 spiny frogs
  A gargoyle (Volcano)
  2 rime drakes (Lair:6)
  7 demonic crawlers
  2 efreet
  A redback zombie (D:15)
  2 kobold demonologists (D:13)
  7 komodo dragons
  A queen bee (D:11)
  14 trolls
  A meliai (shapeshifter) (D:14)
  10 jumping spiders (Spider:1)
  5 polar bears
  4 hornets (Lair:6)
  14 blink frogs
  6 slime creatures
  9 two-headed ogres
  6 dream sheep (Lair:6)
  38 redbacks
  10 hippogriffs
  12 spriggans
  5 wyverns
  21 tarantellas
  28 yaks
  3 shadows
  3 water elementals
  5 wraiths (Spider:1)
  4 humans (D:9)
  A hungry ghost (D:11)
  5 fire bats (Volcano)
  2 fire elementals (Volcano)
  3 basilisks
  11 vampire mosquitoes
  A steam dragon (D:8)
  6 wargs
  A mottled dragon (D:14)
  A soldier ant (D:14)
  18 water moccasins
  9 porcupines
  4 ice beasts
  27 orc warriors
  6 black bears
  2 phantoms (D:5)
  3 sky beasts
  2 eyes of draining
  A necrophage (D:13)
  32 ogres
  42 wolves
  2 boggarts (Lair:6)
  12 centaurs
  12 crocodiles
  6 big kobolds
  21 bullfrogs
  2 earth elementals (Volcano)
  2 wyvern zombies
  7 scorpions
  A troll zombie (D:13)
  23 killer bees
  22 wights
  6 howler monkeys
  5 electric eels
  A vampire bat (D:9)
  8 crimson imps
  5 human zombies (D:13)
  A quasit (D:14)
  3 bullfrog zombies
  7 lava snakes (Volcano)
  5 hounds
  8 jellies
  18 orc priests
  2 bullfrog skeletons
  24 orc wizards
  7 centaur skeletons
  A human skeleton (D:13)
  6 iguanas
  8 worker ants
  4 hound skeletons
  2 mummies (D:13)
  3 gnolls (Orc:1)
  14 adders
  A shadow imp (D:7)
  An adder skeleton (D:5)
  4 worms
  5 dart slugs
  7 leopard geckos
  83 orcs
  7 giant cockroaches
  5 goblins
  2 hobgoblins (D:3)
  9 jackals
  5 quokkas
  14 bats
  A frilled lizard (D:2)
  15 kobolds
  An orc zombie (D:13)
  4 rats
  7 fungi
  21 plants
933 creatures vanquished.

Vanquished Creatures (others)
  A centaur zombie (D:15)
  2 redbacks (Spider:2)
  3 slaves (D:8)
  A worker ant (D:8)
  11 fungi (Lair:6)
  21 plants
39 creatures vanquished.

Grand Total: 972 creatures vanquished

Notes
Turn   | Place    | Note
-------+----------+-------------------------------------------
     0 | D:1      | Aguirre the Minotaur Berserker began the quest for the Orb.
     0 | D:1      | Reached XP level 1. HP: 19/19 MP: 0/0
   213 | D:1      | Reached XP level 2. HP: 26/27 MP: 1/1
   645 | D:2      | Reached skill level 4 in Axes
   764 | D:2      | Reached XP level 3. HP: 32/33 MP: 2/2
   827 | D:2      | Reached ** piety under Trog
  1227 | D:2      | Reached XP level 4. HP: 41/41 MP: 3/3
  1609 | D:2      | Found a sparkling altar of Nemelex Xobeh.
  1715 | D:3      | Reached skill level 5 in Axes
  2533 | D:3      | Reached XP level 5. HP: 47/47 MP: 4/4
  2536 | D:3      | Reached skill level 1 in Slings
  2838 | D:4      | Found a snail-covered altar of Cheibriados.
  2859 | D:4      | Noticed an orc warrior
  2874 | D:4      | Killed an orc warrior
  2874 | D:4      | Reached skill level 5 in Fighting
  2874 | D:4      | Reached XP level 6. HP: 24/56 MP: 5/5
  3338 | D:4      | Found a hide-covered altar of Uskayaw.
  3339 | D:4      | Found a shadowy altar of Dithmenos.
  3663 | D:5      | Entered Level 5 of the Dungeon
  3709 | D:5      | Reached XP level 7. HP: 57/61 MP: 6/6
  3853 | D:5      | Reached skill level 5 in Slings
  4062 | D:5      | Reached *** piety under Trog
  4077 | D:5      | Reached skill level 6 in Axes
  4683 | D:6      | Found Bienorr's Antique Weapon Boutique.
  4691 | D:6      | Bought a dazzling war axe for 255 gold pieces
  4694 | D:6      | Identified the +8 war axe of Dim Light {vamp, Int+7} (You bought it in a shop on level 6 of the Dungeon)
  4867 | D:6      | Reached XP level 8. HP: 70/70 MP: 7/7
  4905 | D:6      | Reached skill level 5 in Armour
  5293 | D:7      | Reached skill level 7 in Axes
  5377 | D:7      | Found an ancient bone altar of Kikubaaqudgha.
  5442 | D:7      | Reached skill level 1 in Throwing
  5443 | D:7      | Reached **** piety under Trog
  5759 | D:7      | Reached skill level 8 in Axes
  6034 | D:7      | Got a distressingly furry leather armour
  6050 | D:7      | Identified the cursed +0 leather armour "Posmodgh" {rF+ Stlth+} (You found it on level 7 of the Dungeon)
  6174 | D:7      | Found a staircase to the Ecumenical Temple.
  6181 | Temple   | Entered the Ecumenical Temple
  6474 | D:8      | Noticed a two-headed ogre
  6481 | D:8      | Killed a two-headed ogre
  6481 | D:8      | Reached skill level 9 in Axes
  6481 | D:8      | Reached XP level 9. HP: 67/79 MP: 8/8
  6812 | D:8      | Reached skill level 10 in Axes
  6928 | D:8      | Received a gift from Trog
  6930 | D:8      | Reached skill level 1 in Stealth
  7044 | D:8      | Found a staircase to the Lair.
  7352 | D:9      | Found a blossoming altar of Fedhas.
  7365 | D:9      | Reached skill level 11 in Axes
  7514 | D:9      | Reached XP level 10. HP: 89/89 MP: 9/9
  7685 | D:9      | Reached ***** piety under Trog
  8067 | D:10     | Entered Level 10 of the Dungeon
  8124 | D:10     | Reached skill level 12 in Axes
  8547 | D:10     | Found an iron altar of Okawaru.
  8872 | D:10     | Reached skill level 13 in Axes
  9021 | D:11     | Reached skill level 10 in Armour
  9122 | D:11     | Noticed a hill giant
  9123 | D:11     | Noticed a manticore
  9141 | D:11     | Killed a hill giant
  9164 | D:11     | Killed a manticore
  9164 | D:11     | Reached XP level 11. HP: 67/97 MP: 10/10
  9309 | D:11     | Found Rinim Dih's Book Emporium.
  9389 | D:11     | Noticed a hill giant
  9396 | D:11     | Killed a hill giant
  9789 | D:11     | Noticed a death knight
  9794 | D:11     | Reached skill level 10 in Fighting
  9805 | D:11     | Killed a death knight
  9805 | D:11     | Received a gift from Trog
  9805 | D:11     | Reached skill level 14 in Axes
 10284 | D:11     | Found a staircase to the Orcish Mines.
 10467 | D:11     | Noticed a hill giant
 10473 | D:11     | Killed a hill giant
 10861 | D:12     | Noticed a purple ugly thing
 10868 | D:12     | Killed a purple ugly thing
 10887 | D:12     | Noticed a green ugly thing
 11102 | D:12     | Got a smoking pewter ring
 11104 | D:12     | Identified the ring of the Four Eyes {+Blink rC+ rN+} (You found it on level 12 of the Dungeon)
 11130 | D:12     | Reached skill level 15 in Axes
 11142 | D:12     | Reached XP level 12. HP: 77/108 MP: 11/11
 11613 | D:12     | Found Leoqyhi's Antique Weapon Shop.
 12215 | D:9      | Received a gift from Trog
 12523 | D:8      | Noticed rgaf's ghost (novice GrBe)
 12524 | D:8      | Found an opulent altar of Gozag.
 12537 | D:8      | Killed rgaf's ghost
 12548 | D:8      | Noticed Pikel
 12558 | D:8      | Killed Pikel
 13626 | Lair:1   | Entered Level 1 of the Lair of Beasts
 13923 | Lair:1   | Noticed a six-headed hydra
 13931 | Lair:1   | Killed a five-headed hydra
 13931 | Lair:1   | Reached skill level 16 in Axes
 15378 | Lair:2   | Got a creamy pearl robe
 15389 | Lair:2   | Identified the +3 robe of Lase {Int+4} (You found it on level 2 of the Lair of Beasts)
 15408 | Lair:3   | Found a staircase to the Shoals.
 16649 | Lair:4   | Noticed an eight-headed hydra
 16655 | Lair:4   | Reached skill level 17 in Axes
 16661 | Lair:4   | Killed a seven-headed hydra
 16661 | Lair:4   | Reached XP level 13. HP: 20/117 MP: 4/12
 16945 | Lair:4   | Found a hole to the Spider Nest.
 16997 | Lair:4   | Reached skill level 1 in Long Blades
 17915 | Lair:5   | Reached skill level 1 in Shields
 17919 | Lair:5   | Received a gift from Trog
 18085 | Lair:5   | Found a viscous altar of Jiyva.
 18099 | Lair:5   | Found a staircase to the Slime Pits.
 18731 | Lair:6   | Entered Level 6 of the Lair of Beasts
 18842 | Lair:6   | Received a gift from Trog
 18889 | Lair:6   | Found a dark tunnel.
 18914 | Volcano  | Entered a volcano
 18937 | Volcano  | Noticed JeffiDaFish's ghost (journeyman GrFi)
 18975 | Volcano  | Killed JeffiDaFish's ghost
 19194 | Volcano  | Noticed a stone giant
 19210 | Volcano  | Killed a stone giant
 19293 | Volcano  | Found a radiant altar of Vehumet.
 19331 | Volcano  | Found a radiant altar of Vehumet.
 19783 | Lair:5   | Reached skill level 18 in Axes
 20129 | Lair:6   | Reached XP level 14. HP: 112/127 MP: 4/13
 21109 | Lair:6   | Reached ****** piety under Trog
 21215 | Lair:6   | Received a gift from Trog
 21243 | Lair:6   | Paralysed by a hornet for 3 turns
 21638 | Lair:6   | Reached skill level 5 in Shields
 22159 | Lair:6   | Got a crude glaive
 22497 | D:8      | Identified the +6 glaive of Terra Nullius {chop, rF+ MR+ MP+9} (You found it on level 6 of the Lair of Beasts)
 22762 | Orc:1    | Entered Level 1 of the Orcish Mines
 22803 | Orc:1    | Noticed an orc warlord
 22827 | Orc:1    | Killed an orc warlord
 23175 | Orc:2    | Entered Level 2 of the Orcish Mines
 23194 | Orc:2    | Reached skill level 19 in Axes
 23438 | Orc:1    | Received a gift from Trog
 23928 | Orc:2    | HP: 6/129 [ogre mage/bolt of poison (13)]
 23934 | Orc:1    | HP: 4/129 [poisoned by an ogre mage (bolt of poison)]
 23939 | Orc:1    | HP: 5/129 [poisoned by an ogre mage (bolt of poison)]
 24276 | Orc:2    | Found Colot's Antique Weapon Boutique.
 24277 | Orc:2    | Found Kosasum's Antique Armour Boutique.
 24278 | Orc:2    | Found Fazuv's Book Shoppe.
 24287 | Orc:2    | Found Xunokk Cewo's Jewellery Shop.
 24432 | Orc:2    | Found Nutuaj's Armour Boutique.
 25037 | Orc:2    | Found Neiwoemo's Jewellery Shop.
 25074 | Orc:2    | Found Fudumet's General Store.
 25136 | Orc:2    | Found a staircase to the Elven Halls.
 25175 | Orc:2    | Received a gift from Trog
 25605 | Orc:2    | Received a gift from Trog
 26425 | Orc:2    | Bought an uncursed ring of poison resistance for 280 gold pieces
 26534 | D:13     | Reached skill level 20 in Axes
 26542 | D:13     | Found a labyrinth entrance.
 26603 | Lab      | Entered a labyrinth
 27093 | Lab      | Reached XP level 15. HP: 127/137 MP: 4/14
 27098 | Lab      | Got an uncursed bloodstained shortbow {speed}
 27100 | Lab      | Identified the Grimoire of Earthen Contamination
 27115 | Lab      | Got an encrusted giant club
 27256 | Lab      | Identified the +3 shortbow of Symmetry {speed, rPois Str+4 Dex+4} (You took it off a minotaur in a labyrinth)
 27531 | D:13     | Found a basalt altar of Yredelemnul.
 28214 | D:14     | Found Teduaxio's Antique Armour Shop.
 28233 | D:14     | Received a gift from Trog
 28254 | D:14     | Bought a crude plate armour for 896 gold pieces
 28269 | D:14     | Identified the +7 plate armour of Teaq {rC+} (You bought it in a shop on level 14 of the Dungeon)
 28515 | D:14     | Got a twisted hunting sling
 28516 | D:14     | Identified the +1 hunting sling "Dedeseep" {velocity, rN+ Stlth+} (You took it off a wight on level 14 of the Dungeon)
 28530 | D:14     | Noticed SylarSrden's ghost (journeyman DsBe)
 28543 | D:14     | Killed SylarSrden's ghost
 28543 | D:14     | Reached skill level 15 in Armour
 28858 | D:14     | Received a gift from Trog
 29192 | D:14     | Found a gate to the Vaults.
 29995 | D:15     | Entered Level 15 of the Dungeon
 30004 | D:15     | Found Lice's Book Shop.
 30027 | D:15     | Found Huacita's Serpentskin Sales.
 30295 | D:15     | Received a gift from Trog
 30463 | D:15     | Found a staircase to the Depths.
 32031 | D:14     | Bought a polished ring mail for 288 gold pieces
 32041 | D:14     | Identified the +5 ring mail "Dorat" {*Contam rElec rPois rF+++} (You bought it in a shop on level 14 of the Dungeon)
 32702 | D:8      | Gained mutation: You are weak. (Str -2) [mutagenic glow]
 32886 | Spider:1 | Entered Level 1 of the Spider Nest
 33018 | Spider:1 | Reached skill level 21 in Axes
 33063 | Spider:1 | Received a gift from Trog
 33267 | Spider:1 | Found a roughly hewn altar of Beogh.
 33816 | Spider:1 | Noticed Josephine
 33832 | Spider:1 | Killed Josephine
 34992 | Spider:1 | Received a gift from Trog
 34994 | Spider:1 | Reached XP level 16. HP: 140/147 MP: 15/15
 35351 | Spider:1 | Reached skill level 15 in Fighting
 35868 | Spider:2 | Noticed Azrael
 35880 | Spider:2 | Killed from afar by Azrael

Skill      XL: |  1  2  3  4  5  6  7  8  9 10 11 12 13 14 15 16 |
---------------+-------------------------------------------------+-----
Fighting       | 4 5 6 7 8 9 10 11 12 13 14 15 | 15.1
Axes           | 4 5 6 9 11 13 15 17 18 20 21 | 21.3
Armour         | 3 4 7 8 10 11 12 14 15 16 | 16.0
Slings         | 3 4 6 7 8 |  8.7
Throwing       | 1 3 4 |  4.6
Stealth        | 1 |  1.3
Dodging        | 3 4 |  4.1
Long Blades    | 1 |  1.6
Shields        | 4 5 7 |  7.6
Evocations     | |  0.8

Action                   |  1- 3 |  4- 6 |  7- 9 | 10-12 | 13-15 | 16-18 || total
-------------------------+-------+-------+-------+-------+-------+-------++-------
Melee: Hand axe          |    55 |    94 |    71 |       |       |       ||   220
       Headbutt          |    10 |    19 |    54 |   117 |   290 |    22 ||   512
       War axe           |       |       |   170 |   432 |   587 |    91 ||  1280
       Executioner's axe |       |       |       |   112 |   629 |       ||   741
       Great sword       |       |       |       |     4 |     6 |       ||    10
 Fire: Hunting sling     |       |    47 |    24 |    24 |   228 |       ||   323
       Fustibalus        |       |       |       |       |     7 |       ||     7
Throw: Stone             |     7 |       |     3 |    16 |       |       ||    26
       Tomahawk          |       |       |       |    19 |    39 |     6 ||    64
       Javelin           |       |       |       |       |    26 |       ||    26
Invok: Trog's Hand       |       |       |     1 |     1 |     7 |       ||     9
       Berserk           |       |       |       |     1 |     4 |       ||     5
       Burn Spellbooks   |       |       |       |       |     6 |     1 ||     7
 Abil: Evoke Blink       |       |       |       |     1 |       |       ||     1
       Evoke Flight      |       |       |       |       |     1 |       ||     1
Evoke: Wand              |       |       |       |       |       |     2 ||     2
  Use: Scroll            |       |     3 |    10 |     7 |    22 |     3 ||    45
       Potion            |       |       |       |     3 |    12 |     1 ||    16
  Eat: Chunk             |       |     8 |     8 |    17 |    28 |       ||    61
       Meat ration       |       |       |     2 |     1 |     3 |       ||     6
       Royal jelly       |       |       |       |     1 |       |       ||     1
       Pizza             |       |       |       |     2 |     2 |       ||     4
       Beef jerky        |       |       |       |     2 |       |       ||     2
       Bread ration      |       |       |       |       |     8 |       ||     8
Armor: Leather armour    |    18 |     9 |       |       |    29 |       ||    56
       Chain mail        |       |    19 |       |       |       |       ||    19
       Plate armour      |       |    15 |   150 |   325 |   972 |   100 ||  1562
       Ring mail         |       |       |       |       |     4 |       ||     4
Dodge: Dodged            |    43 |    41 |    88 |   213 |   563 |    42 ||   990
Block: Shield            |       |       |       |       |   342 |    85 ||   427
       Other             |       |       |       |       |    14 |       ||    14
       Rpst.: Great sword |       |       |       |       |     1 |       ||     1
